 Dungeon Crawl Stone Soup version 0.27-a0-1119-gbf574a6a6b (webtiles) character file.

Game seed: 3126169889719755773

88 Zeld the Skirmisher (level 4, -4/33 HPs)
             Began as an Octopode Fighter on May 3, 2021.
             Slain by Edmund
             ... wielding a +1 dire flail of protection
              (15 damage)
             ... on level 4 of the Dungeon.
             The game lasted 00:02:16 (1820 turns).

Zeld the Skirmisher (Octopode Fighter)              Turns: 1820, Time: 00:02:16

Health: -4/33      AC:  1    Str: 16    XL:     4   Next: 54%
Magic:  4/4        EV: 11    Int: 10    God:
Gold:   32         SH:  9    Dex: 11    Spells: 3/3 levels left

rFire    . . .     SeeInvis .   d - +0 trident
rCold    . . .     Faith    .   a - +0 kite shield
rNeg     . . .     Spirit   .   (helmet restricted)
rPois    .         Reflect  .   (no amulet)
rElec    .         Harm     .   (no ring)
rCorr    .         Rampage  .   (no ring)
Will     .....                  (no ring)
Stlth    ++........             (no ring)
HPRegen  0.11/turn              (no ring)
MPRegen  0.09/turn              (no ring)
                                (no ring)
                                (no ring)

@: mighty
A: almost no armour, amphibious, 8 rings, camouflage 1, gelatinous body 1,
(nimble swimmer 1), tentacles
a: no special abilities


You were on level 4 of the Dungeon.
You visited 1 branch of the dungeon, and saw 4 of its levels.

You collected 32 gold pieces.

Inventory:

Hand Weapons
 d - a +0 trident (weapon)
Armour
 a - a +0 kite shield (worn)
Scrolls
 c - a scroll of teleportation {unknown}


   Skills:
 * Level 4.2 Fighting
 - Level 3.0 Dodging
 * Level 4.2 Shields
 - Level 2.0 Unarmed Combat


You had 3 spell levels left.
You didn't know any spells.
Your spell library was empty.

Dungeon Overview and Level Annotations

Branches:
Dungeon (4/15)
 Temple: D:4-7

Altars:

Annotations:
D:3 exclusion: hobgoblin, Sigmund
D:4 Edmund


Innate Abilities, Weirdness & Mutations

You cannot wear most types of armour.
You are amphibious.
You can wear up to eight rings at the same time.
Your skin changes colour to match your surroundings (Stealth+).
Your rubbery body absorbs attacks. (AC +1, EV +1)
((You are camouflaged near water. (Stealth+)))
You have tentacles for arms and can constrict up to eight enemies at once.


Message History

Found an escape hatch in the ceiling.
There is an escape hatch in the floor here.
You slide downwards.
The hatch slams shut behind you.
An orc comes into view. It is wielding a +0 dagger.
An orc is nearby!
The orc shouts!
You reach to attack!
You closely miss the orc.
The orc drinks a potion.
The orc seems to grow stronger.
Edmund the Younger comes into view.
He is wielding a +1 dire flail of protection.
You reach to attack!
Edmund shouts!
You hit the orc.
The orc is almost dead.
The orc hits you with a +0 dagger.
You puncture the orc!
You kill the orc!
You feel very mighty all of a sudden.
You hit Edmund but do no damage. You grab Edmund.
You constrict Edmund, but do no damage. Edmund misses you.
You hit Edmund.
Edmund is lightly wounded.
You constrict Edmund, but do no damage.
Edmund hits you with a +1 dire flail of protection.
Edmund hits you with a +1 dire flail of protection!
You are too injured to fight recklessly!
You are too injured to fight recklessly!
You are too injured to fight recklessly!
You are too injured to fight recklessly!
You release your grip on Edmund.
You are too injured to fight recklessly!
You are too injured to fight recklessly!
You hit Edmund. Your grab misses Edmund.
Edmund is lightly wounded.
Edmund hits you with a +1 dire flail of protection.
You puncture Edmund! You grab Edmund. You squeeze Edmund!
Edmund is heavily wounded.
You constrict Edmund, but do no damage. You block Edmund's attack.
Edmund says, "People accused me of being a cutpurse!"
Edmund hits you with a +1 dire flail of protection!
You die...

#..........#
........)..#
#.......#
.###....#.##
........#.#
#.##.....## #
##......##
#...@....#
.###..@...#.#
#............#
#.............#
####............#
##...........#
#...........#
............#
......##.....#
#..#...# .....


You could see Edmund.

Vanquished Creatures
  An iguana (D:4)
  An orc wizard (D:4)
  2 adders (D:3)
  A dart slug (D:2)
  An orc (D:4)
  An endoplasm (D:3)
  A giant cockroach (D:3)
  A goblin (D:3)
  3 jackals (D:3)
  A quokka (D:3)
  4 ball pythons
  A bat (D:3)
  A frilled lizard (D:1)
19 creatures vanquished.

Notes
Turn   | Place    | Note
-------+----------+-------------------------------------------
     0 | D:1      | Zeld the Octopode Fighter began the quest for the Orb.
     0 | D:1      | Reached XP level 1. HP: 16/16 MP: 1/1
    27 | D:1      | Found a faded altar of an unknown god.
   382 | D:2      | Reached XP level 2. HP: 21/21 MP: 2/2
   714 | D:3      | Reached XP level 3. HP: 14/26 MP: 3/3
   943 | D:3      | Noticed Sigmund
  1530 | D:4      | Reached XP level 4. HP: 33/33 MP: 4/4
  1756 | D:4      | Noticed an ogre
  1761 | D:4      | Noticed a lemure
  1805 | D:4      | Noticed Edmund
  1820 | D:4      | Slain by Edmund

Illustrated notes

Levels and vault maps discovered:
D:1:      amcnicky_arrival_blooded_trapdoor, layout_basic,
          ebering_ecumenical_altar_sacrificial, minmay_misc_feat_roman
D:2:      layout_basic, minmay_misc_feat_square
D:3:      layout_basic, general_overflow_altar, uniq_sigmund
D:4:      layout_cave_pools, uniq_pikel, uniq_edmund

Skill      XL: |  1  2  3 |
---------------+----------+-----
Fighting       | 4 |  4.2
Shields        | 4 |  4.2
Dodging        | |  3.0
Unarmed Combat | |  2.0

Action                   |  1- 3 |  4- 6 || total
-------------------------+-------+-------++-------
Melee: Unarmed           |    45 |     8 ||    53
       Constrict         |    13 |     3 ||    16
       Tentacles         |     8 |     2 ||    10
       Punch             |     1 |       ||     1
       Trident           |     2 |     7 ||     9
  Use: Potion            |       |     1 ||     1
 Stab: Sleeping          |     1 |       ||     1
Armor: Skin              |     2 |     1 ||     3
Dodge: Dodged            |    19 |     5 ||    24
Block: Kite shield       |    23 |     3 ||    26

Table legend: (Time is in decaauts)
 A = Elapsed time spent in this place.
 B = Non-inter-level travel time spent in this place.
 C = Inter-level travel time spent in this place.
 D = Time resting spent in this place.
 E = Time spent auto-exploring this place.
 F = Levels seen in this place.
 G = Mean time per level.
                   A        B        C        D        E       F      G
               +--------+--------+--------+--------+--------+-----+--------+
         Total |   1837 |   1834 |      3 |    494 |   1042 |   4 |  459.2 |
       Dungeon |   1837 |   1834 |      3 |    494 |   1042 |   4 |  459.2 |
               +--------+--------+--------+--------+--------+-----+--------+

Top non-repeatable levels by time:
     D:3: 1141 daAuts
     D:4: 291 daAuts
     D:2: 284 daAuts
     D:1: 119 daAuts
